 Dungeon Crawl Stone Soup version 0.29-a0-82-g837932c90e (webtiles) character file.

Game seed: 6396890179507447631

467 lordive the Ducker (level 6, 0/32 HPs)
             Began as a Spriggan Abyssal Knight on Feb 5, 2022.
             Was a Priest of Lugonu.
             Slain by a white imp (4 damage)
             ... on level 5 of the Dungeon.
             The game lasted 00:12:20 (6766 turns).

lordive the Ducker (Spriggan Abyssal Knight)        Turns: 6766, Time: 00:12:21

Health: 0/32       AC:  2    Str:  9    XL:     6   Next: 81%
Magic:  10/10      EV: 19    Int: 13    God:    Lugonu [***...]
Gold:   309        SH:  5    Dex: 16    Spells: 9/9 levels left

rFire   . . .      SeeInvis +   e - +2 dagger (speed)
rCold   . . .      Faith    .   c - orb {*Rage}
rNeg    . . .      Spirit   .   b - +0 robe
rPois   .          Reflect  +   (helmet restricted)
rElec   .          Harm     .   j - scarf {+Inv}
rCorr   .          Rampage  .   (gloves unavailable)
Will    +....      Rage     20% (boots unavailable)
Stlth   ++........              g - amulet of reflection
HPRegen 0.10/turn               (no ring)
MPRegen 0.12/turn               (no ring)

@: on berserk cooldown, slowed, studying Conjurations, quick
A: very small, no large weapons, unfitting armour, see invisible, speed 3
a: Renounce Religion, Evoke Invisibility, Depart the Abyss, Bend Space, Banish


You were on level 5 of the Dungeon.
You worshipped Lugonu.
Lugonu was most pleased with you.
You visited 1 branch of the dungeon, and saw 5 of its levels.
You visited the Abyss 1 time.

You collected 309 gold pieces.

Inventory:

Hand Weapons
 a - a +1 short sword
 e - a +2 dagger of speed (weapon)
Armour
 b - a +0 robe (worn)
 c - an orb of wrath (worn)
 j - a scarf of invisibility (worn)
Jewellery
 g - an amulet of reflection (around neck)
 k - a ring of willpower
Scrolls
 d - 2 scrolls of identify
 f - 2 scrolls of enchant weapon
 h - a scroll of enchant armour
 p - a scroll of noise {unknown}
 q - 2 scrolls of teleportation {unknown}
Potions
 i - a potion of flight
 l - a potion of might
 m - 2 potions of mutation
 n - a potion of haste
 o - 6 potions of curing


   Skills:
 * Level 3.2 Fighting
 * Level 4.2 Short Blades
 * Level 1.3 Armour
 * Level 4.8 Dodging
 + Level 2.1 Stealth
 * Level 1.4 Shields
 * Level 2.0 Spellcasting
 * Level 2.7 Translocations
 * Level 2.4 Invocations
 * Level 0.8 Evocations


You had 9 spell levels left.
You didn't know any spells.
Your spell library contained the following spells:

 Spells                   Type           Power      Damage    Failure   Level
 Animate Skeleton         Necr           2%         N/A       26%         1
 Pain                     Necr           4%         1d4       26%         1
 Vampiric Draining        Necr           1%         2d6       58%         3
 Borgnjor's Revivificati  Necr           0%         N/A       100%        8
 Necromutation            Tmut/Necr      0%         N/A       100%        8
 Death's Door             Necr           0%         N/A       100%        9


Dungeon Overview and Level Annotations

Branches:
Dungeon (5/15)
 Temple: D:4-7

Altars:
Fedhas
Zin

Shops:
D:2 ?   D:3 (   D:5 !

Annotations:
D:3 3 runed translucent doors, hgbash's ghost, weakling GrEE


Innate Abilities, Weirdness & Mutations

You are very small and have problems with some larger weapons.
You are too small for most types of armour.
You have supernaturally acute eyesight. (SInv)
You cover ground extremely quickly. (Speed+++)


Message History

Magic restored.
You start resting.
A white imp is nearby!
You start resting.
A white imp is nearby!
A white imp is nearby!
The white imp shouts, "Get thee hence, thou unctious sow-suckled flap-bat!"
You hit the white imp.
The white imp is lightly wounded.
The white imp misses you.
You completely miss the white imp.
The white imp is lightly wounded.
You block the white imp's attack.
You hit the white imp.
The white imp is moderately wounded.
You barely miss the white imp.
The white imp is moderately wounded.
The white imp completely misses you.
You hit the white imp but do no damage.
The white imp is moderately wounded.
The white imp hits you.
* * * LOW HITPOINT WARNING * * *
The white imp freezes you.
* * * LOW HITPOINT WARNING * * *
You hit the white imp but do no damage.
The white imp is moderately wounded.
The white imp closely misses you.
You hit the white imp but do no damage.
The white imp is moderately wounded.
The white imp summons a swarm of flies.
The white imp misses you.
You hit the white imp.
The white imp is heavily wounded.
You closely miss the white imp.
The white imp is heavily wounded.
The white imp misses you.
You hit the white imp but do no damage.
The white imp is heavily wounded.
The white imp hits you.
You die...

..### ... #5.....#
########... ..#..#.#
........... #.....#
........... ##.....##
............. #.......##
.............
#........##
##...#####...
#@5.......#
##...###..###.
##......#.#
...........##.#
##...##..#
...........##..#
#####..## ...........#
#..####...##
....<.....#####.......##
##...##...##......###.#
##...##...##..........#
#....###†###.....######


You could see a white imp.

Vanquished Creatures
  A bullfrog (D:3)
  A water moccasin zombie (D:5)
  A scorpion (D:5)
  2 hounds
  Jessica (D:3)
  A scorpion zombie (D:5)
  4 gnolls (D:3)
  5 adders
  A worm (D:4)
  A dart slug (D:1)
  2 orcs
  6 ball pythons
  8 endoplasms
  A giant cockroach (D:2)
  10 goblins
  5 hobgoblins
  9 jackals
  9 kobolds
  8 quokkas
  6 bats
  3 frilled lizards
  8 rats
93 creatures vanquished.

Vanquished Creatures (others)
  3 fungi (D:4)
  2 plants (D:4)
5 creatures vanquished.

Grand Total: 98 creatures vanquished

Notes
Turn   | Place    | Note
-------+----------+-------------------------------------------
     0 | Abyss:1  | lordive the Spriggan Abyssal Knight began the quest for the
                  | Orb.
     0 | Abyss:1  | Reached XP level 1. HP: 11/11 MP: 3/3
    79 | D:1      | Escaped the Abyss
   449 | D:1      | Reached XP level 2. HP: 16/16 MP: 4/4
   948 | D:1      | Reached ** piety under Lugonu
  1170 | D:1      | Reached XP level 3. HP: 19/19 MP: 5/5
  1363 | D:2      | Found Punuwamp's Magic Scroll Shoppe.
  1405 | D:2      | Found a glowing silver altar of Zin.
  1425 | D:2      | Reached skill level 1 in Translocations
  2695 | D:2      | Reached skill level 1 in Spellcasting
  3245 | D:3      | Reached XP level 4. HP: 23/23 MP: 6/6
  3339 | D:3      | Noticed Jessica
  3347 | D:3      | Killed Jessica
  3348 | D:3      | Reached skill level 1 in Stealth
  3525 | D:3      | Found Enuehe's Weapon Boutique.
  4255 | D:3      | Found a runed translucent gate.
  4255 | D:3      | Found a runed translucent gate.
  4255 | D:3      | Found a runed translucent gate.
  4255 | D:3      | Noticed hgbash's ghost (weakling GrEE)
  4322 | D:3      | Reached XP level 5. HP: 23/28 MP: 7/7
  4525 | D:3      | Reached skill level 1 in Armour
  5099 | D:4      | Found a blossoming altar of Fedhas.
  5135 | D:4      | Reached skill level 1 in Shields
  5143 | D:4      | HP: 1/28 [bullfrog (7)]
  5185 | D:4      | Noticed an ogre
  5482 | D:3      | Reached XP level 6. HP: 29/32 MP: 9/9
  5635 | D:5      | Entered Level 5 of the Dungeon
  5647 | D:5      | Found Ylois's Distillery.
  6438 | D:5      | Reached *** piety under Lugonu
  6766 | D:5      | Slain by a white imp

Illustrated notes

Levels and vault maps discovered:
D:1:      lightli_molten_gateway, layout_basic, st_stairs_11,
          hangedman_decor_push
D:2:      layout_basic, basic_altar, serial_shops, shop_fountains,
          minmay_pentomino_z2
D:3:      layout_rooms, ebering_ghost_rock_garden, serial_shops,
          nicolae_shop_behind_doors, roderic_serpentine_path,
          serial_bayou_ford_a, grunt_ministairs_7, kennysheep_jessica_study
D:4:      layout_cave_pools, fedhas_altar_3, fountainhead
D:5:      layout_gridville, mainiacjoe_overflow_boulevard,
          nicolae_ru_sacrificial_ziggurat, mainiacjoe_overflow_small_starburst,
          serial_shops, shop, minmay_manual_moon, uniq_prince_ribbit1

Skill      XL: |  1  2  3  4  5  6 |
---------------+-------------------+-----
Translocations | 1 2 |  2.7
Spellcasting   | 1 2 |  2.0
Short Blades   | 3 4 |  4.2
Stealth        | 1 2 |  2.1
Invocations    | 2 |  2.4
Armour         | 1 |  1.3
Dodging        | 4 |  4.8
Shields        | 1 |  1.4
Fighting       | 3 |  3.2
Evocations     | |  0.8

Action                   |  1- 3 |  4- 6 || total
-------------------------+-------+-------++-------
Melee: Short sword       |   151 |   158 ||   309
       Punch             |     1 |       ||     1
       Dagger            |       |    63 ||    63
  Use: Potion            |       |     2 ||     2
       Scroll            |       |     6 ||     6
 Stab: Sleeping          |     5 |     1 ||     6
       Distracted        |     1 |       ||     1
Armor: Robe              |    25 |     8 ||    33
Dodge: Dodged            |   112 |   168 ||   280
Block: Orb               |    11 |    47 ||    58

Table legend: (Time is in decaauts)
 A = Elapsed time spent in this place.
 B = Non-inter-level travel time spent in this place.
 C = Inter-level travel time spent in this place.
 D = Time resting spent in this place.
 E = Time spent auto-exploring this place.
 F = Levels seen in this place.
 G = Mean time per level.
                   A        B        C        D        E       F      G
               +--------+--------+--------+--------+--------+-----+--------+
         Total |   5884 |   5752 |    132 |   2668 |   2200 |   6 |  980.7 |
       Dungeon |   5836 |   5704 |    132 |   2668 |   2157 |   5 | 1167.2 |
         Abyss |     47 |     47 |      0 |      0 |     42 |   1 |   47.0 |
               +--------+--------+--------+--------+--------+-----+--------+

Top non-repeatable levels by time:
     D:3: 2273 daAuts
     D:2: 1574 daAuts
     D:1: 1011 daAuts
     D:4: 801 daAuts
     D:5: 175 daAuts
 Abyss:1: 47 daAuts
